 Dungeon Crawl Stone Soup version 0.19-a0-583-g665d810 (webtiles) character file.

167 TheGoonsmith the Conjurer (level 5, 0/28 HPs)
             Began as a Deep Elf Fire Elementalist on June 9, 2016.
             Killed by divine providence
             ... invoked by an orc priest
              (15 damage)
             ... on level 3 of the Dungeon.
             The game lasted 00:05:09 (2138 turns).

TheGoonsmith the Conjurer (DEFE)                    Turns: 2138, Time: 00:05:09

Health: 0/28       AC:  3    Str:  5    XL:     5   Next: 23%
Magic:  9/12       EV: 13    Int: 20    God:
Gold:   185        SH:  0    Dex: 16    Spells: 3 memorised, 3 levels left

rFire  . . .     SeeInvis .     o - +0 whip (elec)
rCold  . . .     Gourm    .     a - +0 robe
rNeg   . . .     Faith    .     (no shield)
rPois  .         Spirit   .     e - +0 helmet
rElec  .         Dismiss  .     (no cloak)
rCorr  .         Reflect  .     (no gloves)
SustAt .         Harm     .     (no boots)
MR     .....                    (no amulet)
Stlth  ++........               (no ring)
                                (no ring)

@: not resistant to hostile enchantments, unstealthy
A: no striking features
a: no special abilities


You were on level 3 of the Dungeon.
You were not hungry.

You visited 1 branch of the dungeon, and saw 3 of its levels.

You collected 185 gold pieces.

Inventory:

Hand Weapons
 j - a +0 club
 k - a +0 dagger of electrocution
 o - a +0 whip of electrocution (weapon)
Armour
 a - a +0 robe (worn)
 e - a +0 helmet (worn)
Scrolls
 g - 3 scrolls of teleportation
 n - a scroll of identify {unknown}
Potions
 h - a potion of agility {unknown}
 i - 2 potions of flight {unknown}
 l - a potion of brilliance {unknown}
 p - a potion of heal wounds
 q - a potion of degeneration {unknown}
Books
 b - a book of Flames

   Spells                             Type                      Level
   a - Flame Tongue                   Conjuration/Fire             1
   b - Throw Flame                    Conjuration/Fire             2
   c - Conjure Flame                  Conjuration/Fire             3
   d - Inner Flame                    Hexes/Fire                   3
   e - Sticky Flame                   Conjuration/Fire             4
   f - Fireball                       Conjuration/Fire             5
Comestibles
 c - 3 bread rations
 d - 4 fruits
 f - 2 beef jerkies
 m - a slice of pizza
 r - 3 chunks of flesh


   Skills:
 - Level 2.4 Dodging
 - Level 2.4 Stealth
 + Level 3.9 Spellcasting
 * Level 4.4 Conjurations
 * Level 4.3 Fire Magic


You had 3 spell levels left.
You knew the following spells:

 Your Spells              Type           Power        Failure   Level  Hunger
a - Flame Tongue          Conj/Fire      ###..        2%          1    None
c - Conjure Flame         Conj/Fire      ###.....     10%         3    ###....
s - Sticky Flame          Conj/Fire      ###.....     24%         4    ####...


Dungeon Overview and Level Annotations

Branches:
Dungeon (3/15)

Altars:


Message History

Confirm with . or Enter, or press ? or * to list all spells.
Aiming: Flame Tongue
Press: ? - help, Shift-Dir - straight line, f - orc priest
Aim: an orc priest, wielding an enchanted whip The flame tongue hits the orc priest.
The orc priest is heavily wounded.
You are confused.
You're too confused to cast spells.
You're too confused to cast spells.
The orc priest casts a cantrip, but nothing happens.
A magic dart appears from out of thin air!
The magic dart hits you!
The orc priest miscasts a cantrip.
The orc hits you with a dagger.
You're too confused to cast spells.
You feel less confused.
The orc priest invokes the aid of Beogh against you.
Beogh smites you!
Ouch! That really hurt!
You die...

........## #......#
.........## #>.....#
..........### #......#
............### #......##
#.............## #........
#.........##.>.####.......#
#.............o..........#
...).....####.o.###......#
#.........# ###.@##.....##
#.........# #..........##
..........# #.............
#.........# #.............
#.........# #.............
#..†.....## ##.............
##.......###..............
#######.#..................
###
##....................####


You could see an orc priest and an orc.

Vanquished Creatures
  A hound skeleton (D:3)
  Robin (D:2)
  5 adders
  3 worms (D:2)
  4 dart slugs
  4 giant geckos
  An orc (D:3)
  7 bats
  2 giant cockroaches
  14 goblins
  8 hobgoblins
  3 jackals (D:3)
  5 kobolds
  A quokka (D:2)
  A ball python (D:3)
  3 giant newts
  14 rats
77 creatures vanquished.

Notes
Turn   | Place    | Note
--------------------------------------------------------------
     0 | D:1      | TheGoonsmith the Deep Elf Fire Elementalist began the quest for the Orb.
     0 | D:1      | Reached XP level 1. HP: 10/10 MP: 6/6
   160 | D:1      | Reached XP level 2. HP: 15/15 MP: 5/8
   813 | D:2      | Reached XP level 3. HP: 19/19 MP: 0/9
   992 | D:2      | Learned a level 3 spell: Conjure Flame
  1082 | D:2      | Found a faded altar of an unknown god.
  1122 | D:2      | Noticed Robin
  1229 | D:2      | Reached XP level 4. HP: 24/24 MP: 8/11
  1274 | D:2      | Killed Robin
  1500 | D:2      | Learned a level 4 spell: Sticky Flame
  1839 | D:3      | Reached XP level 5. HP: 28/28 MP: 8/12
  2138 | D:3      | Killed from afar by an orc priest

Vault maps used:
D:1:      lemuel_arrival_broad_hall, minmay_door_square
D:2:      ecumenical_altar_2, uniq_robin
D:3:      minmay_misc_feat_four_crosses, uniq_sigmund

Skill      XL: |  1  2  3  4 |
---------------+-------------+-----
Conjurations   | 2 3 4 |  4.4
Fire Magic     | 4 |  4.3
Dodging        | |  2.4
Stealth        | |  2.4
Spellcasting   | |  3.9

Action                   |  1- 3 |  4- 6 || total
-------------------------+-------+-------++-------
Melee: Unarmed           |     1 |       ||     1
       Club              |       |    29 ||    29
       Whip              |       |     1 ||     1
 Cast: Flame Tongue      |    64 |    75 ||   139
  Use: Potion            |       |     2 ||     2
       Scroll            |       |     1 ||     1
  Eat: Chunk             |     1 |     3 ||     4
Armor: Robe              |     3 |     4 ||     7
       Skin              |       |    52 ||    52
Dodge: Dodged            |    14 |    20 ||    34
